 Dungeon Crawl Stone Soup version 0.25-a0-161-gb7fd73d (webtiles) character file.

Game seed: 14075726626022852603, levelgen mode: deterministic

307303 BrandynB the Wrestler (level 21, -2/199 HPs)
             Began as a Ghoul Artificer on Nov 22, 2019.
             Was the Champion of Ashenzari.
             Splashed with acid (3 damage)
             ... on level 4 of the Pits of Slime.
             The game lasted 01:52:46 (56549 turns).

BrandynB the Wrestler (Ghoul Artificer)            Turns: 56549, Time: 01:52:46

Health: -2/199     AC: 36    Str: 29    XL:     21   Next: 18%
Magic:  0/27       EV:  7    Int: 10    God:    Ashenzari [******]
Gold:   1679       SH: 25    Dex:  9    Spells: 20/20 levels left

rFire    + + .     SeeInvis +     - Unarmed
rCold    + + +     Gourm    .   W - +2 large shield (curse)
rNeg     + + +     Faith    +   i - +9 scales of the Dragon King {rPois rF+ rC+ MR+} (curse)
rPois    ∞         Spirit   +   F - +2 hat of the Bear Spirit {Spirit, +Rage rN+ MR++} (curse)
rElec    +         Reflect  .   s - +2 cloak {rF+} (curse)
rCorr    +         Harm     .   S - +2 pair of gloves {archery}
MR       ++++.     Clarity  +   g - +0 pair of boots
Stlth    ..........             D - amulet "Wosom" {Faith rC++ Str+3}
HPRegen  0.00/turn              Y - ring of resist corrosion
MPRegen  0.20/turn              K - ring "Rohemat" {rElec AC+3 Int+4} (curse)

@: corroded, very slightly contaminated, rotting
A: rotting body, claws 1, carnivore, cold resistance 1, negative energy
resistance 3, inhibited regeneration, torment resistance, unbreathing
}: 2/15 runes: barnacled, gossamer
a: Curse Item, Scrying, Transfer Knowledge, Renounce Religion


You were on level 4 of the Pits of Slime.
You worshipped Ashenzari.
Ashenzari was exalted by your worship.
You were hungry.

You visited 8 branches of the dungeon, and saw 40 of its levels.
You visited 1 bazaar.
You also visited: Bailey, Volcano, Wizlab and Desolation.

You collected 4536 gold pieces.
You spent 2857 gold pieces at shops.

Inventory:

Missiles
 u - 3 throwing nets (quivered) {!f}
 J - 67 silver javelins
 R - 119 javelins
Armour
 g - a +0 pair of boots (worn)
 i - the cursed +9 scales of the Dragon King (worn) {rPois rF+ rC+ MR+}
   (You found it in the Desolation of Salt)

   It protects you from fire.
   It protects you from cold.
   It protects you from poison.
   It affects your resistance to hostile enchantments.
   It has a curse placed upon it.
 s - a cursed +2 cloak of fire resistance (worn)
 F - the cursed +2 hat of the Bear Spirit (worn) {Spirit, +Rage rN+ MR++}
   (You bought it in a shop on level 2 of the Orcish Mines)

   It protects you from negative energy.
   It affects your resistance to hostile enchantments.
   It lets you go berserk.
   It has a curse placed upon it.
 S - a +2 pair of gloves of archery (worn)
 W - a cursed +2 large shield (worn)
Jewellery
 y - a +4 ring of evasion
 D - the amulet "Wosom" (around neck) {Faith rC++ Str+3}
   (You found it on level 6 of the Lair of Beasts)

   [amulet of faith]

   It allows you to gain divine favour quickly.
   It affects your strength (+3).
   It greatly protects you from cold.
 K - the cursed ring "Rohemat" (right hand) {rElec AC+3 Int+4}
   (You found it in the Desolation of Salt)

   [ring of protection]

   It affects your AC (+3).
   It affects your intelligence (+4).
   It insulates you from electricity.
   It has a curse placed upon it.
 X - the ring of Hediez {+Inv +Fly MR+ Str+4 Int-2}
   (You found it in the Desolation of Salt)

   [ring of flight]

   It affects your strength (+4).
   It affects your intelligence (-2).
   It affects your resistance to hostile enchantments.
   It lets you turn invisible.
   It lets you fly.
 Y - a ring of resist corrosion (left hand)
Wands
 c - a wand of flame (37)
 d - a wand of enslavement (13)
 p - a wand of paralysis (11)
 r - a wand of acid (70)
 x - a wand of polymorph (61)
 H - a wand of disintegration (52)
 L - a wand of iceblast (28)
 M - a wand of digging (14)
Scrolls
 a - 9 scrolls of amnesia {!r}
 b - 4 scrolls of torment {!r}
 e - a scroll of immolation {!r}
 t - 7 scrolls of identify {!r}
 v - 3 scrolls of blinking {!r}
 z - 3 scrolls of magic mapping {!r}
 A - 24 scrolls of teleportation {!r}
 C - 5 scrolls of vulnerability {!r}
 N - 2 scrolls of fog {!r}
 O - 9 scrolls of fear {!r}
 P - a scroll of summoning {!r}
Potions
 h - a potion of cancellation {!q}
 j - 3 potions of ambrosia {!q}
 k - 7 potions of haste {!q}
 l - 9 potions of curing {!q}
 m - 4 potions of heal wounds {!q}
 o - 12 potions of flight {!q}
 w - 8 potions of agility {!q}
 E - 2 potions of resistance {!q}
 G - 3 potions of invisibility {!q}
 I - 9 potions of brilliance {!q}
 T - 7 potions of might {!q}
Miscellaneous
 n - 2 boxes of beasts
 q - a phial of floods
 U - a lamp of fire
 Z - a fan of gales
Comestibles
 f - 53 rations


   Skills:
 + Level 19.6 Fighting
   Level 0.8 Short Blades
 + Level 12.8(16.9) Armour
 - Level 5.0 Dodging
 - Level 1.1 Stealth
 * Level 16.0(18.5) Shields
 * Level 23.7 Unarmed Combat
 - Level 10.0 Evocations


You had 20 spell levels left.
You didn't know any spells.
Your spell library contained the following spells:

 Spells                   Type           Power        Failure   Level  Hunger
 Animate Skeleton         Necr           N/A          100%        1    ##.....
 Apportation              Tloc           #.....       100%        1    ##.....
 Confusing Touch          Hex            #.....       100%        1    ##.....
 Corona                   Hex            #......      100%        1    ##.....
 Freeze                   Ice            #...         100%        1    ##.....
 Magic Dart               Conj           #...         100%        1    ##.....
 Pain                     Necr           #...         100%        1    ##.....
 Sandblast                Erth           #.....       100%        1    ##.....
 Summon Butterflies       Summ           #.......     100%        1    ##.....
 Summon Small Mammal      Summ           #...         100%        1    ##.....
 Blink                    Tloc           N/A          100%        2    ###....
 Call Imp                 Summ           #.......     100%        2    ###....
 Ensorcelled Hibernation  Hex/Ice        #.....       100%        2    ###....
 Passwall                 Tmut/Erth      #.......     100%        2    ###....
 Poisonous Vapours        Pois/Air       #.....       100%        2    ###....
 Shroud of Golubria       Chrm/Tloc      #.....       100%        2    ###....
 Slow                     Hex            #.......     100%        2    ###....
 Throw Frost              Conj/Ice       #.....       100%        2    ###....
 Call Canine Familiar     Summ           #.......     100%        3    ####...
 Confuse                  Hex            #.......     100%        3    ####...
 Conjure Flame            Conj/Fire      #.......     100%        3    ####...
 Dazzling Spray           Conj/Hex       #.....       100%        3    ####...
 Gell's Gravitas          Tloc           #.........   100%        3    ####...
 Lesser Beckoning         Tloc           #.........   100%        3    ####...
 Mephitic Cloud           Conj/Pois/Air  #.......     100%        3    ####...
 Ozocubu's Armour         Chrm/Ice       #.......     100%        3    ####...
 Portal Projectile        Hex/Tloc       #.....       100%        3    ####...
 Recall                   Summ/Tloc      N/A          100%        3    ####...
 Stone Arrow              Conj/Erth      #.....       100%        3    ####...
 Summon Guardian Golem    Hex/Summ       #.......     100%        3    ####...
 Teleport Other           Tloc           #.......     100%        3    ####...
 Tukima's Dance           Hex            #.......     100%        3    ####...
 Vampiric Draining        Necr           #.........   100%        3    ####...
 Animate Dead             Necr           N/A          100%        4    #####..
 Force Lance              Conj/Tloc      #.......     100%        4    #####..
 Leda's Liquefaction      Hex/Erth       #.........   100%        4    #####..
 Passage of Golubria      Tloc           N/A          100%        4    #####..
 Petrify                  Tmut/Erth      #.......     100%        4    #####..
 Sticky Flame             Conj/Fire      #.......     100%        4    #####..
 Summon Ice Beast         Ice/Summ       #.......     100%        4    #####..
 Summon Lightning Spire   Summ/Air       #.......     100%        4    #####..
 Throw Icicle             Conj/Ice       #.......     100%        4    #####..
 Alistair's Intoxication  Tmut/Pois      #.......     100%        5    ######.
 Aura of Abjuration       Summ           #.........   100%        5    ######.
 Bolt of Magma            Conj/Fire/Erth #.........   100%        5    ######.
 Borgnjor's Vile Clutch   Necr/Erth      #.........   100%        5    ######.
 Dispel Undead            Necr           #.......     100%        5    ######.
 Excruciating Wounds      Chrm/Necr      #.........   100%        5    ######.
 Lee's Rapid Deconstruct  Erth           #.........   100%        5    ######.
 Metabolic Englaciation   Hex/Ice        #.........   100%        5    ######.
 Silence                  Hex/Air        #.........   100%        5    ######.
 Summon Demon             Summ           #.........   100%        5    ######.
 Summon Forest            Summ/Tloc      #.........   100%        5    ######.
 Summon Mana Viper        Hex/Summ       #.......     100%        5    ######.
 Venom Bolt               Conj/Pois      #.........   100%        5    ######.
 Yara's Violent Unravell  Hex/Tmut       #.........   100%        5    ######.
 Conjure Ball Lightning   Conj/Air       #.........   100%        6    #######
 Darkness                 Hex            #.........   100%        6    #######
 Death Channel            Necr           #.........   100%        6    #######
 Deflect Missiles         Chrm/Air       #.........   100%        6    #######
 Dispersal                Tloc           #.........   100%        6    #######
 Freezing Cloud           Conj/Ice/Air   #.........   100%        6    #######
 Invisibility             Hex            #.......     100%        6    #######
 Iron Shot                Conj/Erth      #.........   100%        6    #######
 Shadow Creatures         Summ           N/A          100%        6    #######
 Simulacrum               Ice/Necr       #.........   100%        6    #######
 Malign Gateway           Summ/Tloc      #.........   100%        7    #######
 Ring of Flames           Chrm/Fire      #.........   100%        7    #######
 Controlled Blink         Tloc           N/A          100%        8    #######
 Disjunction              Tloc           #.........   100%        8    #######
 Shatter                  Erth           #.........   100%        9    #######
 Tornado                  Air            #.........   100%        9    #######
 Statue Form              Tmut/Erth      Unusable     N/A         6    N/A

Dungeon Overview and Level Annotations

Branches:
Dungeon (15/15)            Temple (1/1) D:5            Lair (6/6) D:10
 Shoals (4/4) Lair:2       Spider (4/4) Lair:3        Slime (5/5) Lair:6
    Orc (2/2) D:10            Elf (3/3) Orc:2        Vaults (0/5) D:13
 Depths (0/5) D:15         Bailey (visited)         Volcano (visited)
 WizLab (visited)         Desolation (visited)

Altars:
Ashenzari
Cheibriados
Dithmenos
Elyvilon
Fedhas
Gozag
Hepliaklqana
Kikubaaqudgha
Makhleb
Nemelex Xobeh
Okawaru
Qazlal
Ru
Sif Muna
Trog
Uskayaw
Vehumet
Wu Jian
Xom
Yredelemnul
Zin
The Shining One
Beogh

Shops:
D:8 *   D:13 }   D:14 (   D:15 *   Orc:2 ?%[!   Elf:2 [   Elf:3 [   Shoals:3 *
Shoals:4 %

Portals:
Hell: Lair:6

Annotations:
D:4 3 runed translucent doors, Charmandara's ghost, amateur HuIE
D:12 1 runed translucent door, exclusion: orange crystal statue
D:14 Roxanne
D:15 3 runed translucent doors, exclusion: obsidian statue, Tonueng's ghost, journeyman BaMo


Innate Abilities, Weirdness & Mutations

Your body is rotting away.
You thrive on raw meat.
You are immune to poison.
You have sharp fingernails.
You are carnivorous and can eat meat at any time.
Your flesh is cold resistant. (rC+)
You are immune to negative energy. (rN+++)
You do not regenerate when monsters are visible.
You are immune to unholy pain and torment.
You can survive without breathing.


Message History

The enormous slime creature suddenly stops moving!
You block the azure jelly's attack. x3
The azure jelly hits you but does no damage.
The slime creature barely misses you.
The slime creature hits you but does no damage.
The large slime creature hits you but does no damage.
The slime creature hits you!
* * * LOW HITPOINT WARNING * * *
The very large slime creature hits you!!!
* * * LOW HITPOINT WARNING * * *
The slime creature hits you but does no damage.
Unknown command.
Unknown command.
Really read
v - 4 scrolls of blinking {!r}?
Blink to where?
Press: ? - help, Dir - move target cursor You are very lightly contaminated with residual magic.
As you read the scroll of blinking {!r}, it crumbles to dust.
You are splashed with acid.
You resist.
You die...

,,* ,,, * * * * * ,, **,
, .#.# , ,,,,* ,, ,, ...
. ,,, *,* , , ,, ....#
**** , , ,#...#*#, , , <
. ,#.#.#. ,#
.......#.......#,.## * *
,,#.......#...#..#...##*
,..............@.....#* ,
.....<..#.............,,
,
.....§§§§§......#.....,,*
, .....§§§§§....... ....
,* , #.....§§§.........
... ,
,*#.....§§§.......... ..
,*,**
**#.....JJJ........... .,
,,,
*......J§J........#...,,
* * #.....JJJ......,*** ,
* *


You could see an azure jelly, an enormous slime creature (paralysed) and a slime
creature.

Vanquished Creatures
  Nikola (Spider:1)
  The ghost of flotson the Spear-Bearer, an adept GnWn of Okawaru (Spider:2)
  The ghost of Letos the Bludgeoner, an adept FoFi of Okawaru (Shoals:3)
  An acid blob (Slime:5)
  3 deep elf blademasters
  2 deep elf master archers (Elf:3)
  An eldritch tentacle (WizLab)
  Frances (D:12)
  Agnes (Elf:1)
  Donald (Elf:1)
  An azure jelly (Slime:3)
  Ilsuiw (Shoals:4)
  6 deep elf sorcerers
  Aizul (Shoals:3)
  Louise (Elf:1)
  2 ghost moths (Spider:4)
  3 emperor scorpions
  2 imperial myrmidons (Desolation)
  5 deep elf elementalists (Elf:3)
  A reaper (WizLab)
  A stone giant (Volcano)
  5 deep elf demonologists
  A dire elephant (D:15)
  4 deep elf annihilators (Elf:3)
  A halazid warlock (Desolation)
  2 spark wasps (Spider:4)
  Snorg (D:10)
  The ghost of grandjackal the Thrower, a journeyman CeFi of Okawaru (Orc:1)
  Josephine (D:12)
  9 deep elf death magi
  4 merfolk impalers
  A death ooze (Slime:5)
  10 merfolk javelineers
  4 ragged hierophants (Desolation)
  A crystal guardian (Desolation)
  5 deep elf high priests
  2 rakshasas
  8 hydras
  4 vault guards (D:13)
  4 servants of whispers (Desolation)
  A merfolk avatar (Shoals:3)
  An ogre mage (Orc:2)
  3 catoblepae
  3 satyrs
  5 peacekeepers
  6 centaur warriors
  22 dancing weapons
  An alligator snapping turtle (Shoals:3)
  5 two-headed ogres
  A tengu warrior (D:14)
  4 merfolk aquamancers
  Urug (D:13)
  13 deep elf knights
  Nergalle (Lair:3)
  3 sixfirhies
  A hell knight (WizLab)
  3 unseen horrors (D:14)
  A shadow wraith (WizLab)
  12 sea snakes
  3 skeletal warriors (D:14)
  An obsidian statue (WizLab)
  A lindwurm (Lair:1)
  A lindwurm (shapeshifter) (Elf:1)
  Pikel (D:8)
  2 ironbrand convokers (Desolation)
  2 wizards
  5 deep elf archers
  A necromancer (Elf:1)
  16 orb spiders
  35 wolf spiders
  A mana viper (shapeshifter) (D:14)
  8 orc knights
  3 oklob plants (Lair:6)
  An orb spider (shapeshifter) (D:14)
  33 harpies
  2 orc sorcerers (Orc:2)
  15 fauns
  12 manticores
  32 deep elf magi
  A worldbinder (WizLab)
  8 ugly things
  17 merfolk sirens
  4 cyclopes
  2 moths of wrath
  A stone giant skeleton (WizLab)
  A salamander (D:15)
  A centaur zombie (D:14)
  3 black mambas
  Maurice (D:8)
  4 guardian serpents
  5 water nymphs
  6 elephants (Lair:5)
  A smoke demon (Lair:6)
  An eye of devastation (Slime:2)
  3 orange demons
  7 spiny frogs
  A black mamba (shapeshifter) (D:14)
  5 molten gargoyles
  4 gargoyles
  2 demonspawn skeletons (WizLab)
  2 efreet
  2 freezing wraiths
  A hellwing (WizLab)
  A tormentor (WizLab)
  20 demonic crawlers
  5 rime drakes (Lair:6)
  A tengu conjurer (D:15)
  5 komodo dragons
  An ice devil (Lair:6)
  25 merfolk
  34 jumping spiders
  6 red devils
  3 polar bears
  A queen bee (D:11)
  7 trolls
  6 wind drakes
  11 hornets
  A raiju (WizLab)
  16 blink frogs
  37 saltlings (Desolation)
  Prince Ribbit (D:5)
  Grinder (D:5)
  28 slime creatures
  14 snapping turtles
  4 dream sheep
  14 hippogriffs
  An air elemental (Elf:1)
  3 shadows
  Sigmund (D:5)
  13 water elementals
  5 wraiths
  76 redbacks
  22 tarantellas
  2 wyverns
  A ynoxinul (WizLab)
  4 hungry ghosts
  A vampire (D:14)
  A fire bat (Volcano)
  35 yaks
  A human (shapeshifter) (D:15)
  7 basilisks
  2 fire elementals
  A steam dragon (D:12)
  4 vampire mosquitoes (D:15)
  Edmund (D:4)
  A soldier ant (D:13)
  4 wargs
  3 spatial vortices (WizLab)
  3 acid dragons
  17 water moccasins
  3 large abominations (Elf:1)
  7 hell hounds
  6 porcupines
  A floating eye (Desolation)
  2 black bears
  51 orc warriors
  7 sky beasts
  5 ice beasts
  A necrophage (D:10)
  20 ogres
  3 phantoms
  A boggart (WizLab)
  An orc skeleton (WizLab)
  10 wolves
  21 centaurs
  16 crocodiles
  2 big kobolds
  2 elf zombies (Elf:1)
  3 small abominations
  19 bullfrogs
  2 earth elementals
  4 scorpions
  22 wights
  17 killer bees (D:11)
  6 electric eels
  13 crimson imps
  A howler monkey (D:14)
  2 lava snakes (Volcano)
  A quasit (D:5)
  3 bullfrog zombies
  2 centaur skeletons
  15 orc priests
  6 hounds
  21 orc wizards
  8 bullfrog skeletons
  An iron imp (WizLab)
  15 worker ants
  A hound zombie (D:5)
  2 hound skeletons
  A howler monkey zombie (D:7)
  A howler monkey skeleton (D:4)
  15 adders
  4 shadow imps
  2 white imps
  An ooze (D:2)
  3 adder skeletons
  An adder zombie (D:5)
  2 worms (D:2)
  3 dart slugs
  5 leopard geckos
  114 orcs
  4 bats
  5 giant cockroaches
  14 goblins
  7 hobgoblins
  11 jackals
  3 quokkas
  8 frilled lizards
  A jackal skeleton (D:5)
  26 kobolds
  2 quokka skeletons
  13 rats
  2 plants (Lair:5)
1472 creatures vanquished.

Vanquished Creatures (collateral kills)
  An imperial myrmidon (Desolation)
  2 servants of whispers (Desolation)
  A peacekeeper (Desolation)
  2 saltlings (Desolation)
6 creatures vanquished.

Vanquished Creatures (others)
  An imperial myrmidon (Desolation)
  A merfolk aquamancer (Shoals:4)
  A deep elf mage (Elf:1)
  A spiny frog (Lair:6)
  A rime drake (Lair:6)
  A jumping spider (Spider:1)
  A hornet (Spider:1)
  3 redbacks
  A tarantella (Spider:4)
  2 porcupines (D:10)
  A sky beast (D:15)
  2 slaves (D:8)
  3 wights (D:10)
  A hound (D:8)
  2 orc wizards (D:8)
  A bullfrog skeleton (D:10)
  A leopard gecko (D:8)
  2 orcs (D:8)
  2 jackals (D:8)
  2 bushes (D:10)
  15 fungi
  26 plants
  A withered plant (Shoals:4)
72 creatures vanquished.

Grand Total: 1550 creatures vanquished

Notes
Turn   | Place    | Note
-------+----------+-------------------------------------------
     0 | D:1      | BrandynB the Ghoul Artificer began the quest for the Orb.
     0 | D:1      | Reached XP level 1. HP: 16/16 MP: 1/1
   290 | D:1      | Reached XP level 2. HP: 22/23 MP: 3/3
   305 | D:1      | Reached skill level 1 in Unarmed Combat
  1066 | D:1      | Reached XP level 3. HP: 27/28 MP: 4/4
  1614 | D:2      | Reached skill level 2 in Unarmed Combat
  2043 | D:2      | Reached XP level 4. HP: 23/36 MP: 5/5
  2186 | D:2      | Found a shimmering altar of Xom.
  2732 | D:2      | Found a shattered altar of Ashenzari.
  2734 | D:2      | Found a white marble altar of Elyvilon.
  2749 | D:2      | Became a worshipper of Ashenzari the Shackled
  3082 | D:3      | Reached skill level 3 in Unarmed Combat
  3082 | D:3      | Reached XP level 5. HP: 38/41 MP: 6/6
  3337 | D:3      | Found a snail-covered altar of Cheibriados.
  3454 | D:3      | Noticed a sky beast
  3466 | D:3      | Killed a sky beast
  3466 | D:3      | Reached XP level 6. HP: 50/50 MP: 7/7
  3602 | D:3      | Reached skill level 4 in Unarmed Combat
  3837 | D:4      | Found a shimmering blue altar of Sif Muna.
  3863 | D:4      | Found a glowing golden altar of the Shining One.
  3997 | D:4      | Noticed a phantom
  4120 | D:4      | Killed a phantom
  4480 | D:4      | Found a runed translucent gate.
  4480 | D:4      | Found a runed translucent gate.
  4480 | D:4      | Found a runed translucent gate.
  4701 | D:4      | Reached XP level 7. HP: 54/54 MP: 8/8
  4709 | D:4      | Found an ornate altar of the Wu Jian Council.
  5048 | D:4      | Reached skill level 5 in Unarmed Combat
  5240 | D:4      | Noticed Charmandara's ghost (amateur HuIE)
  5337 | D:4      | Found a glowing golden altar of the Shining One.
  5365 | D:4      | Found a shimmering blue altar of Sif Muna.
  5426 | D:5      | Entered Level 5 of the Dungeon
  5443 | D:5      | Found a staircase to the Ecumenical Temple.
  5452 | Temple   | Entered the Ecumenical Temple
  5687 | D:5      | Noticed Grinder
  5708 | D:5      | Reached XP level 8. HP: 48/66 MP: 10/10
  5717 | D:5      | Killed Grinder
  5717 | D:5      | Reached skill level 6 in Unarmed Combat
  5884 | D:5      | Found a shadowy altar of Dithmenos.
  5885 | D:5      | Noticed Sigmund
  5885 | D:5      | Noticed Edmund
  5975 | D:4      | Killed Edmund
  6154 | D:5      | Killed Sigmund
  6154 | D:5      | Reached skill level 7 in Unarmed Combat
  6241 | D:5      | Reached * piety under Ashenzari
  6335 | D:4      | Reached skill level 5 in Fighting
  6335 | D:4      | Reached skill level 5 in Evocations
  6659 | D:5      | Noticed Prince Ribbit
  6682 | D:5      | Killed Prince Ribbit
  6682 | D:5      | Reached XP level 9. HP: 38/72 MP: 10/12
  6915 | D:4      | Reached skill level 5 in Dodging
  7039 | D:5      | Reached skill level 8 in Unarmed Combat
  7066 | D:5      | Found a bloodstained altar of Trog.
  8123 | D:6      | Reached skill level 9 in Unarmed Combat
  9210 | D:7      | Reached XP level 10. HP: 71/86 MP: 13/13
  9300 | D:7      | Reached skill level 10 in Unarmed Combat
  9644 | D:8      | Noticed Pikel
  9655 | D:8      | Killed Pikel
  9689 | D:8      | Found Buechy's General Store.
  9732 | D:8      | Bought a wand of digging (6) for 260 gold pieces
  9815 | D:8      | Noticed Maurice
  9846 | D:8      | Killed Maurice
 10370 | D:8      | Reached skill level 11 in Unarmed Combat
 10990 | D:9      | Reached ** piety under Ashenzari
 11362 | D:10     | Entered Level 10 of the Dungeon
 11772 | D:10     | Found a staircase to the Orcish Mines.
 11788 | D:10     | Reached XP level 11. HP: 67/94 MP: 15/15
 12172 | D:10     | Reached skill level 12 in Unarmed Combat
 12232 | D:10     | HP: 4/95 [merfolk/+0 trident (16)]
 12916 | D:10     | Found a staircase to the Lair.
 13097 | D:10     | Noticed Snorg
 13112 | D:10     | Killed Snorg
 13940 | D:11     | Noticed a two-headed ogre
 14122 | D:11     | Killed a two-headed ogre
 14122 | D:11     | Reached skill level 13 in Unarmed Combat
 14635 | D:11     | Reached skill level 10 in Fighting
 14778 | D:11     | Noticed a white ugly thing
 14980 | D:11     | Reached XP level 12. HP: 104/106 MP: 17/17
 15787 | D:12     | Noticed Josephine
 15802 | D:12     | Killed Josephine
 15802 | D:12     | Reached skill level 14 in Unarmed Combat
 16183 | D:12     | Found a runed translucent door.
 16185 | D:12     | Identified the ring of Urchadgh {rF- rN+++ AC+4 Int+5
                  | Dex-3}
 16187 | D:12     | Identified the +8 chain mail "Iphy" {Int+4}
 16190 | D:12     | Noticed Frances
 16197 | D:12     | Noticed a crystal guardian
 16197 | D:12     | Noticed a centaur warrior
 16199 | D:12     | Noticed a crystal guardian
 16232 | D:12     | Killed Frances
 16546 | D:12     | Identified the +9 mace "Rauxzynu" {freeze, *Contam rPois
                  | MR++ Int+3}
 17172 | Lair:1   | Entered Level 1 of the Lair of Beasts
 18013 | Lair:1   | Noticed a six-headed hydra
 18017 | Lair:1   | Killed a six-headed hydra
 18119 | Lair:2   | Noticed a four-headed hydra
 18134 | Lair:1   | Killed a four-headed hydra
 18134 | Lair:1   | Reached skill level 15 in Unarmed Combat
 18452 | Lair:2   | Reached skill level 10 in Evocations
 18755 | Lair:2   | Reached XP level 13. HP: 102/116 MP: 19/19
 19152 | Lair:2   | Reached skill level 1 in Armour
 19164 | Lair:2   | Found a staircase to the Shoals.
 21015 | Lair:3   | Found a hole to the Spider Nest.
 21477 | Lair:4   | Noticed Nergalle
 21592 | Lair:3   | Killed Nergalle
 21733 | Lair:4   | Reached skill level 16 in Unarmed Combat
 21782 | Lair:4   | Reached *** piety under Ashenzari
 23649 | Lair:6   | Entered Level 6 of the Lair of Beasts
 24169 | Lair:6   | Found a staircase to the Slime Pits.
 24383 | Lair:6   | Reached XP level 14. HP: 91/127 MP: 20/20
 24559 | Lair:6   | Reached skill level 5 in Armour
 24792 | Lair:6   | Reached skill level 17 in Unarmed Combat
 25997 | Lair:6   | Found a burning altar of Makhleb.
 26002 | Lair:6   | Found a gateway to Hell.
 26010 | Lair:6   | Identified the amulet "Wosom" {Faith rC++ Str+3}
 26294 | Lair:6   | Reached **** piety under Ashenzari
 26895 | D:13     | Found a flagged portal.
 26916 | Bailey   | Entered a bailey
 28454 | D:13     | Noticed Urug
 28469 | D:13     | Reached skill level 18 in Unarmed Combat
 28480 | D:13     | Killed Urug
 28869 | D:13     | Found a gate to the Vaults.
 29134 | D:13     | Found Evoel's Gadget Shop.
 29142 | D:13     | Bought a wand of acid (4) for 240 gold pieces
 29263 | D:14     | Found Iliwae's Weapon Emporium.
 29311 | D:14     | Noticed Nessos
 29314 | D:14     | Noticed Nessos
 29314 | D:14     | Nessos changed into Nessos the dream sheep
 29319 | D:14     | Killed Nessos the dream sheep
 29326 | D:14     | Reached XP level 15. HP: 134/138 MP: 21/21
 29894 | D:14     | Identified Roxanne's Papyrus of Shape Shifting
 29894 | D:14     | Noticed Roxanne
 29997 | D:14     | Reached skill level 15 in Fighting
 30069 | D:14     | Reached skill level 19 in Unarmed Combat
 30858 | D:15     | Entered Level 15 of the Dungeon
 30918 | D:15     | Reached skill level 1 in Shields
 30999 | D:15     | Found a flickering gateway to a bazaar.
 31025 | Bazaar   | Entered a bazaar
 31025 | Bazaar   | Found Mane Tim's Gadget Emporium.
 31041 | Bazaar   | Found Keceaban's Antique Armour Shoppe.
 31048 | Bazaar   | Found Ynoat's Antique Weapon Shop.
 31060 | Bazaar   | Found Gaxoecw's Magic Scroll Shoppe.
 31065 | Bazaar   | Found Enla's Assorted Antiques.
 31066 | Bazaar   | Bought a scroll of fear for 42 gold pieces
 31066 | Bazaar   | Bought a scroll of magic mapping for 42 gold pieces
 31066 | Bazaar   | Bought a scroll of magic mapping for 42 gold pieces
 31105 | Bazaar   | Bought a wand of acid (11) for 510 gold pieces
 31105 | Bazaar   | Bought a wand of digging (5) for 306 gold pieces
 31968 | D:15     | Found a runed translucent gate.
 31968 | D:15     | Found a runed translucent gate.
 31969 | D:15     | Found a runed translucent gate.
 31969 | D:15     | Found an opulent altar of Gozag.
 31969 | D:15     | Noticed Tonueng's ghost (journeyman BaMo)
 31970 | D:15     | Found Zock's Assorted Antiques.
 32178 | D:15     | Found a staircase to the Depths.
 32558 | Orc:1    | Entered Level 1 of the Orcish Mines
 32574 | Orc:1    | Found a dark tunnel.
 32597 | Volcano  | Entered a volcano
 32735 | Volcano  | Found a radiant altar of Vehumet.
 32866 | Volcano  | Reached skill level 5 in Shields
 33482 | Orc:1    | Found a transporter.
 33483 | Orc:1    | Noticed grandjackal's ghost (journeyman CeFi)
 33484 | Orc:1    | Found a transporter.
 33502 | Orc:1    | Identified the ring "Feytwirgh" {rF- rN+ MP+9 Str+4 Stlth+}
 33550 | Orc:1    | Found a roughly hewn altar of Beogh.
 33755 | Orc:1    | Killed grandjackal's ghost
 33755 | Orc:1    | Reached XP level 16. HP: 126/150 MP: 22/22
 34000 | Orc:2    | Entered Level 2 of the Orcish Mines
 34033 | Orc:2    | Reached ***** piety under Ashenzari
 34107 | Orc:2    | Found a staircase to the Elven Halls.
 34594 | Orc:2    | Found Anookyurr's Magic Scroll Emporium.
 34594 | Orc:2    | Found Cushro's Food Shop.
 34622 | Orc:2    | Found a roughly hewn altar of Beogh.
 34833 | Orc:2    | Found Bies's Armour Emporium.
 34833 | Orc:2    | Found Sudu's Distillery.
 34846 | Orc:2    | Bought the +2 hat of the Bear Spirit {Spirit, +Rage rN+
                  | MR++} for 547 gold pieces
 34846 | Orc:2    | Found the +2 hat of the Bear Spirit {Spirit, +Rage rN+
                  | MR++}
 35107 | Orc:2    | Bought a scroll of magic mapping for 35 gold pieces
 35418 | Elf:1    | Entered Level 1 of the Elven Halls
 35508 | Elf:1    | Found a ruined gateway.
 35547 | Desolati | Entered the Desolation of Salt
 36108 | Desolati | Reached skill level 20 in Unarmed Combat
 36453 | Desolati | Identified the ring of Hediez {+Inv +Fly MR+ Str+4 Int-2}
 36454 | Desolati | Found the +9 scales of the Dragon King {rPois rF+ rC+ MR+}
 36460 | Desolati | Identified the Guide on Displaced Contamination
 36769 | Desolati | Identified the ring of Afa Neug {+Blink rElec rPois Str+3
                  | Dex-2}
 36897 | Desolati | Identified the ring of Autumn {*Tele rPois MR+ Str+2}
 37333 | Desolati | Reached skill level 10 in Shields
 37581 | Desolati | Identified the ring "Rohemat" {rElec AC+3 Int+4}
 37928 | Desolati | Identified the Reference Book on Orientation
 38125 | Elf:1    | Reached XP level 17. HP: 160/160 MP: 23/23
 38585 | Elf:1    | Noticed Donald
 38602 | Elf:1    | Killed Donald
 38622 | Elf:1    | Noticed Louise
 38635 | Elf:1    | Killed Louise
 38718 | Elf:1    | Noticed Agnes
 38732 | Elf:1    | Killed Agnes
 38920 | Elf:1    | Identified the Papyrus of Evil Magic
 39071 | Elf:2    | Reached skill level 10 in Armour
 39087 | Elf:2    | Found Riczogreomn's Antique Armour Shop.
 39093 | Elf:2    | Bought a pair of runed gloves for 217 gold pieces
 39605 | Elf:2    | Found a huge runed translucent gate.
 39605 | Elf:2    | Found a huge runed translucent gate.
 39605 | Elf:2    | Found a huge runed translucent gate.
 39819 | Elf:2    | Found a huge runed translucent gate.
 39819 | Elf:2    | Found a huge runed translucent gate.
 39935 | Elf:2    | Reached skill level 21 in Unarmed Combat
 40131 | Elf:2    | Noticed a deep elf blademaster
 40161 | Elf:2    | Killed a deep elf blademaster
 40851 | Elf:3    | Entered Level 3 of the Elven Halls
 40918 | Elf:3    | Found a magical portal.
 40941 | WizLab   | Found a transporter.
 40944 | WizLab   | Found a corrupted altar of Lugonu.
 40981 | WizLab   | Found a transporter.
 40995 | WizLab   | Found a transporter.
 41021 | WizLab   | Found a transporter.
 41062 | WizLab   | Found a transporter.
 41062 | WizLab   | Found a transporter.
 41135 | WizLab   | Found a transporter.
 41156 | WizLab   | Found a transporter.
 41182 | WizLab   | Found a transporter.
 41206 | WizLab   | Found a transporter.
 41210 | WizLab   | Found a corrupted altar of Lugonu.
 41233 | WizLab   | Found a transporter.
 41258 | WizLab   | Found a transporter.
 41320 | WizLab   | Found a corrupted altar of Lugonu.
 41443 | WizLab   | Reached XP level 18. HP: 169/169 MP: 24/24
 41455 | WizLab   | Found a transporter.
 41629 | WizLab   | Found a transporter.
 41629 | WizLab   | Found a transporter.
 41677 | WizLab   | Identified Golubria's Grimoire of Dislocation
 41690 | WizLab   | Found a transporter.
 41720 | WizLab   | Found a transporter.
 41720 | WizLab   | Found a transporter.
 41745 | WizLab   | Identified Icleghuu's Incunabulum of the Traveller
 41831 | WizLab   | Got the cursed cloak of the Serpent {rElec Dex+4}
 41956 | WizLab   | Found a transporter.
 41956 | WizLab   | Found a transporter.
 42394 | Elf:3    | Noticed a deep elf blademaster
 42408 | Elf:3    | Killed a deep elf blademaster
 42417 | Elf:3    | Killed a ghostly deep elf blademaster
 42879 | Elf:3    | Found Jabic's Armour Boutique.
 43206 | Elf:3    | Identified the ring "Ahesadel" {rElec rN+ MP+9 Str-4 Int+5}
 43207 | Elf:3    | Noticed a deep elf master archer
 43223 | Elf:3    | Killed a deep elf master archer
 43251 | Elf:3    | Noticed a deep elf master archer
 43269 | Elf:3    | Killed a deep elf master archer
 43453 | Elf:3    | Noticed a deep elf blademaster
 43492 | Elf:3    | Killed a deep elf blademaster
 43721 | Elf:3    | Identified the +5 great mace "Oroe" {flame, rF+ Str+3 SInv}
 44410 | Elf:3    | Identified the +10 executioner's axe "Leviticus"
                  | {antimagic, *Rage rF+ Dex+3}
 44576 | Elf:3    | Identified the Reference Book on Glacial Clay
 44606 | Elf:3    | Identified the Guide on Ashen Ignition
 44640 | Elf:3    | meem: I'm meem, an infobot run by MalcolmRoseGaming: Type
                  | !submeem to keep me in your games; !nomeem to shut me up
                  | forever; !meem for help; !whymeem if you want to know why
                  | meem exists. Visit http://youtube.com/malcolmrosegaming for
                  | more DCSS content.
 44662 | Elf:3    | BrandynB: !submeem
 44662 | Elf:3    | meem: Subscribed. I will never ban you, give you up, let
                  | you down, run around, or desert you. I will now watch all
                  | games of user BrandynB
 44824 | Spider:1 | Entered Level 1 of the Spider Nest
 44909 | Lair:3   | Reached skill level 22 in Unarmed Combat
 45294 | Spider:1 | Reached XP level 19. HP: 170/180 MP: 25/25
 45807 | Spider:1 | Noticed Nikola
 45824 | Spider:1 | Killed Nikola
 46746 | Spider:2 | Reached ****** piety under Ashenzari
 46805 | Spider:2 | Found a runed translucent gate.
 46806 | Spider:2 | Found a runed translucent gate.
 46848 | Spider:2 | Found a runed translucent gate.
 46848 | Spider:2 | Noticed flotson's ghost (adept GnWn)
 47827 | Spider:2 | Killed flotson's ghost
 48995 | Spider:4 | Entered Level 4 of the Spider Nest
 50313 | Spider:4 | Got a gossamer rune of Zot
 50743 | Shoals:1 | Entered Level 1 of the Shoals
 50774 | Shoals:1 | Reached XP level 20. HP: 170/190 MP: 24/26
 51305 | Shoals:1 | Reached skill level 15 in Shields
 51523 | Shoals:1 | Reached skill level 23 in Unarmed Combat
 52376 | Shoals:3 | Found Jegapote's Assorted Antiques.
 52406 | Shoals:3 | Bought a potion of heal wounds for 140 gold pieces
 52406 | Shoals:3 | Bought a potion of heal wounds for 140 gold pieces
 52406 | Shoals:3 | Bought a potion of invisibility for 224 gold pieces
 52406 | Shoals:3 | Bought a potion of might for 112 gold pieces
 52825 | Shoals:3 | Noticed Aizul
 52849 | Shoals:3 | Killed Aizul
 52881 | Shoals:3 | Found a runed translucent door.
 53616 | Shoals:3 | Noticed Letos's ghost (adept FoFi)
 53732 | Shoals:4 | Entered Level 4 of the Shoals
 53766 | Shoals:3 | Killed Letos's ghost
 53881 | Shoals:4 | Got a barnacled rune of Zot
 54567 | Shoals:4 | Found Adousch's Food Shoppe.
 54598 | Shoals:4 | Noticed Ilsuiw
 54599 | Shoals:4 | Identified the +4 whip of Xeymijof {vamp, +Inv rC+ Int+3
                  | Stlth+}
 54615 | Shoals:4 | Killed Ilsuiw
 55187 | Shoals:4 | Reached XP level 21. HP: 188/199 MP: 23/27
 55501 | Shoals:4 | Identified the cursed -2 cloak of the Serpent {rElec Dex+4}
                  | (You found it in a wizard's laboratory)
 56149 | Slime:1  | Entered Level 1 of the Pits of Slime
 56510 | Slime:5  | Entered Level 5 of the Pits of Slime
 56548 | Slime:4  | HP: 1/199 [very large slime creature (36)]
 56549 | Slime:4  | Splashed with acid

Levels and vault maps discovered:
D:1:      psy_arrival_radial02, layout_basic
D:2:      layout_loops_corners, minitemple, xom_teletrap_fun
D:3:      layout_basic, first_ration, chequers_serial_rivers_room_a,
          kennysheep_slug_shrine
D:4:      layout_basic, kennysheep_mini, nicolae_overflow_crystal_walls,
          overflow_temple_1_default, gammafunk_ghost_split
D:5:      layout_basic, lemuel_doored_altar, minmay_temple_entry_antechambers,
          nicolae_dithmenos_through_a_glass_darkly, uniq_sigmund, uniq_edmund,
          uniq_prince_ribbit1, uniq_grinder
D:6:      layout_cave_pools, serial_rivers, chequers_serial_rivers_micro_a,
          chequers_serial_rivers_micro_d, chequers_serial_rivers_micro_a,
          chequers_serial_rivers_micro_d, minmay_fire_ice_demons
D:7:      layout_rooms, kennysheep_generic_room_7
D:8:      layout_loops_ring, serial_shops, nicolae_shop_crystal, uniq_pikel,
          uniq_maurice
D:9:      layout_big_octagon
D:10:     layout_basic, minmay_lair_entry_grove, orc_0_dummy,
          hangedman_stone_soup, uniq_snorg
D:11:     layout_loops_ring, special_room [special_room_bee],
          kennysheep_generic_room_8
D:12:     layout_loops_ring, minmay_crystal_box, uniq_josephine, uniq_frances
D:13:     layout_basic, lightli_vaults_fourway_checkpoint, serial_shops,
          nicolae_shop_stone, enter_bailey_3, kennysheep_generic_room_16,
          uniq_urug
D:14:     minmay_the_grid_octo_tiled_squarecenter_mashed
          [minmay_the_grid_octo_focus, minmay_the_grid_octo_odd_swirl,
          minmay_the_grid_octo_chip, minmay_the_grid_octo_77,
          minmay_the_grid_square_5x5_megaprize_hollow,
          minmay_the_grid_square_5x5_hollow_slash,
          minmay_the_grid_square_5x5_comb, minmay_the_grid_square_5x5_shuriken,
          minmay_the_grid_square_5x5_bite], layout_basic, serial_shops, shop,
          einodemon_armed_red_devil_minivault, uniq_roxanne, uniq_nessos
D:15:     hangedman_depths_entry_try_elsewhere_first, layout_irregular_city,
          ebering_ghost_gozag, serial_shops, bzr_firewalk, serial_bayou_pond_c
Temple:   compressed_dpeg_circular_temple
Lair:1:   layout_big_grid, hangedman_lair_generics_rect
Lair:2:   layout_gridlike, elwin_shoals_entry_rooms, special_room,
          serial_bayou_shore_b, grunt_megastairs_3, serial_bayou_shore_a
Lair:3:   layout_roguey, spider_nest_entry_a
Lair:4:   layout_regular_city, uniq_nergalle
Lair:5:   layout_gridlike, hibernation_bobbens
Lair:6:   evil_forest, layout_layer_cave, minmay_slime_entry_oklob_open,
          infiniplex_staircase_pool
Shoals:1: cheibrodos_shoals_roost, layout_shoals
Shoals:2: layout_shoals
Shoals:3: layout_shoals, serial_shops, shop, ebering_ghost_reflecting_pool,
          uniq_aizul
Shoals:4: shoals_end_simple, layout_shoals, shoals_ilsuiw_ice, serial_shops,
          shop, argonaut_gorgonesque
Spider:1: layout_spider_delve, drop_trap, nicolae_crawler_farm, uniq_nikola
Spider:2: layout_chambers, ebering_ghost_rock_garden, nicolae_spider_nook,
          nicolae_spider_cling_halls
Spider:3: layout_spider_delve
Spider:4: spider_rune_water
Slime:1:  layout_caves
Slime:2:  layout_caves
Slime:3:  layout_caves
Slime:4:  layout_caves
Slime:5
Orc:1:    layout_caves, basic_altar, enter_volcano_3, gammafunk_ghost_arena,
          nicolae_orc_rockfall
Orc:2:    st_orc_town, layout_caves, mines4_lemuel
Elf:1:    layout_geoelf_octagon, portal_desolation_entry_twin_temple,
          minmay_elf_necromancy, uniq_agnes, uniq_louise, uniq_donald
Elf:2:    layout_onion_city, serial_shops, nicolae_shop_overgrown_old_shop,
          minmay_misc_feat_ornament
Elf:3:    grunt_elf_hall_diamonds, layout_loops_cross,
          lightli_enter_wizlab_magi_temple, serial_shops,
          nicolae_shop_statue_plus

Skill      XL: |  1  2  3  4  5  6  7  8  9 10 11 12 13 14 15 16 17 18 19 20 21 |
---------------+----------------------------------------------------------------+-----
Unarmed Combat | 1 2 3 4 5 7 9 11 13 15 16 18 19 20 21 22 23 | 23.7
Dodging        | 2 3 4 5 |  5.0
Evocations     | 3 4 5 6 7 8 10 | 10.0
Fighting       | 2 3 4 5 7 8 10 11 12 14 15 17 18 19 | 19.6
Armour         | 4 7 8 9 10 11 12 | 12.8
Shields        | 5 10 12 13 14 15 16 | 16.0
Short Blades   | |  0.8
Stealth        | |  1.1

Action                   |  1- 3 |  4- 6 |  7- 9 | 10-12 | 13-15 | 16-18 | 19-21 || total
-------------------------+-------+-------+-------+-------+-------+-------+-------++-------
Melee: Unarmed           |   164 |   197 |   464 |   897 |  1548 |  1631 |  1748 ||  6649
       Punch             |       |     6 |     5 |    33 |    84 |       |       ||   128
Throw: Stone             |       |    46 |     7 |     2 |       |       |       ||    55
       Javelin           |       |       |       |       |       |       |    42 ||    42
Invok: Curse Item        |       |       |     1 |     1 |       |     3 |     2 ||     7
Evoke: Wand              |     1 |     1 |     6 |    24 |    24 |    15 |     6 ||    77
       Phial of floods   |       |       |       |     1 |       |     1 |       ||     2
       Lamp of fire      |       |       |       |       |       |     1 |     2 ||     3
  Use: Scroll            |       |       |     7 |     3 |    21 |     6 |     3 ||    40
       Potion            |       |       |       |     1 |     2 |     2 |     1 ||     6
 Stab: Paralysed         |       |     9 |    20 |       |       |     7 |     6 ||    42
       Petrified         |       |       |       |       |     1 |       |       ||     1
       Distracted        |       |       |       |       |       |     2 |       ||     2
  Eat: Chunk             |     8 |     4 |    18 |    29 |    52 |    39 |    37 ||   187
       Ration            |       |       |       |     1 |     1 |     1 |       ||     3
Armor: Leather armour    |    28 |       |       |       |       |       |       ||    28
       Ring mail         |    10 |    50 |    37 |       |       |       |       ||    97
       Chain mail        |       |       |   126 |   298 |    12 |       |       ||   436
       Storm dragon scal |       |       |       |       |   653 |   148 |       ||   801
       Gold dragon scale |       |       |       |       |       |   688 |  1039 ||  1727
Dodge: Dodged            |    83 |    88 |   281 |   499 |   974 |   499 |   572 ||  2996
Block: Buckler           |       |       |       |       |    38 |   143 |       ||   181
       Large shield      |       |       |       |       |       |   846 |  2441 ||  3287
       Shield            |       |       |       |       |       |     2 |       ||     2

Table legend:
 A = Non-vault XP
 B = Vault XP
 C = Vault XP percentage of total XP
 D = Non-vault monster count
 E = Vault monster count
 F = Vault count percentage of total count
                 A         B        C        D         E       F
            +---------+---------+-------+---------+---------+-------
      Total |  244624 |  266135 |  52.1 |     939 |     542 |  36.6
            +---------+---------+-------+---------+---------+-------
        D:1 |      43 |       0 |   0.0 |      29 |       0 |   0.0
        D:2 |     114 |       0 |   0.0 |      27 |       0 |   0.0
        D:3 |     241 |       4 |   1.6 |      24 |       1 |   4.0
        D:4 |     732 |     166 |  18.5 |      29 |       1 |   3.3
        D:5 |    1293 |     737 |  36.3 |      39 |       3 |   7.1
        D:6 |     779 |      60 |   7.2 |      21 |       2 |   8.7
        D:7 |     942 |      46 |   4.7 |      19 |       2 |   9.5
        D:8 |    1127 |    1100 |  49.4 |      18 |       2 |  10.0
        D:9 |     972 |       0 |   0.0 |      12 |       0 |   0.0
       D:10 |    2328 |    3626 |  60.9 |      24 |      17 |  41.5
       D:11 |    4108 |    1161 |  22.0 |      36 |      16 |  30.8
       D:12 |    1568 |    3609 |  69.7 |       8 |       5 |  38.5
       D:13 |    5861 |    9415 |  61.6 |      43 |      19 |  30.6
       D:14 |   14383 |   10599 |  42.4 |      35 |      27 |  43.5
       D:15 |    9525 |    3269 |  25.6 |      30 |       4 |  11.8
     Lair:1 |    4279 |    1786 |  29.4 |      16 |       6 |  27.3
     Lair:2 |    2520 |    1358 |  35.0 |      13 |       6 |  31.6
     Lair:3 |   10125 |    1409 |  12.2 |      42 |       3 |   6.7
     Lair:4 |    2369 |       0 |   0.0 |      11 |       0 |   0.0
     Lair:5 |    5563 |     891 |  13.8 |      18 |       1 |   5.3
     Lair:6 |    9129 |   11535 |  55.8 |      42 |      29 |  40.8
   Shoals:1 |   22312 |    3808 |  14.6 |      46 |       6 |  11.5
   Shoals:2 |    5429 |       0 |   0.0 |      10 |       0 |   0.0
   Shoals:3 |   24792 |    4612 |  15.7 |      49 |       2 |   3.9
   Shoals:4 |   12948 |   25818 |  66.6 |      29 |      37 |  56.1
   Spider:1 |   13146 |    5491 |  29.5 |      36 |       6 |  14.3
   Spider:2 |    7068 |    7484 |  51.4 |      24 |      13 |  35.1
   Spider:3 |   23393 |       0 |   0.0 |      71 |       0 |   0.0
   Spider:4 |    4586 |   19969 |  81.3 |      12 |      38 |  76.0
    Slime:2 |    2819 |       0 |   0.0 |      10 |       0 |   0.0
    Slime:3 |    4028 |       0 |   0.0 |       9 |       0 |   0.0
    Slime:4 |    1024 |       0 |   0.0 |       1 |       0 |   0.0
    Slime:5 |    4746 |       0 |   0.0 |       3 |       0 |   0.0
      Orc:1 |    1697 |    3443 |  67.0 |      24 |       7 |  22.6
      Orc:2 |    2239 |    8155 |  78.5 |      26 |      65 |  71.4
      Elf:1 |   16727 |   10270 |  38.0 |      25 |      12 |  32.4
      Elf:2 |   12483 |   21795 |  63.6 |      17 |      27 |  61.4
      Elf:3 |    7186 |   48760 |  87.2 |      11 |      33 |  75.0
     Bailey |       0 |    2310 | 100.0 |       0 |      39 | 100.0
    Volcano |       0 |    3947 | 100.0 |       0 |      11 | 100.0
     WizLab |       0 |   16203 | 100.0 |       0 |      35 | 100.0
 Desolation |       0 |   33299 | 100.0 |       0 |      67 | 100.0
            +---------+---------+-------+---------+---------+-------
